 Dungeon Crawl Stone Soup version 0.31-a0-221-gbddc013574 (webtiles) character file.

Game seed: 18305035355637832846

37 qw the Shooter (level 3, 0/29 HPs)
             Began as a Minotaur Hexslinger on July 4, 2023.
             Slain by an orc
             ... wielding a +0 flail
              (7 damage)
             ... on level 2 of the Dungeon.
             The game lasted 00:00:25 (1320 turns).

qw the Shooter (Minotaur Hexslinger)                Turns: 1320, Time: 00:00:26

Health: 0/29       AC:  5    Str: 12    XL:     3   Next: 21%
Magic:  3/3        EV: 12    Int: 10    God:
Gold:   55         SH:  0    Dex: 14    Spells: 3/4 levels left

rFire   . . .        Y - +1 sling
rCold   . . .        (no shield)
rNeg    + . .        c - +0 robe
rPois   .            (helmet restricted)
rElec   .            k - +2 cloak
rCorr   .            (no gloves)
SInv    .            (no boots)
Will    .....        g - amulet of faith
Stlth   +            i - ring of positive energy
HPRegen 0.24/turn    (no ring)
MPRegen 0.08/turn

%: faith
@: about to teleport
A: horns 2, retaliatory headbutt
a: no special abilities


You were on level 2 of the Dungeon.
You visited 1 branch of the dungeon, and saw 3 of its levels.

You collected 55 gold pieces.


Innate Abilities, Weirdness & Mutations

You have a pair of horns on your head.
You reflexively headbutt those who attack you in melee.


   Skills:
 - Level 2.0 Fighting
 + Level 3.8 Ranged Weapons
 - Level 2.1 Dodging
 - Level 1.0 Spellcasting
 - Level 2.0 Hexes


You had 3 spell levels left.
You knew the following spells:

 Your Spells              Type           Power      Damage    Failure   Level
a - Slow                  Hex            16%        N/A       16%         1

Your spell library contained the following spells:

 Spells                   Type           Power      Damage    Failure   Level
 Inner Flame              Hex/Fire       2%         N/A       56%         3
 Portal Projectile        Hex/Tloc       4%         N/A       56%         3
 Cause Fear               Hex            2%         N/A       83%         4

Inventory:

Hand Weapons
 Y - a +1 sling (weapon)
Armour
 c - a +0 robe (worn)
 k - a +2 cloak (worn)
Jewellery
 g - an amulet of faith (around neck)
 i - a ring of positive energy (left hand)
Scrolls
 f - a scroll of identify
Potions
 b - a potion of enlightenment
 e - a potion of magic {unknown}
 j - a potion of curing {unknown}
 l - a potion of brilliance {unknown}

Dungeon Overview and Level Annotations

Branches:
Dungeon (3/15)

Altars:
Cheibriados

Shops:
D:2 (


Message History

The orc shouts! x2
The orc wizard misses you.
You shoot a sling bullet.
The sling bullet barely misses the orc wizard.
A worm comes into view.
The orc wizard barely misses you. The orc hits you but does no damage.
You shoot a sling bullet. The sling bullet hits the orc wizard.
The orc wizard is moderately wounded.
The orc wizard casts a spell.
The orc wizard flickers and vanishes!
Deactivating autopickup; reactivate with Ctrl-A.
The orc hits you with a +0 flail. The orc barely misses you.
The orc hits you with a +0 short sword. The orc misses you.
1317 ||| STAIRDANCE The orc hits you but does no damage. x2; Something hits you.
The orc hits you with a +0 short sword. The orc closely misses you.
You fly upwards.
Reactivating autopickup.
There is a stone staircase leading down here.
Enter note:
Enter note:
Enter note:
Enter note:
Enter note:
Enter note: You shoot a sling bullet.
The sling bullet hits the orc.
The orc is severely wounded.
The orc barely misses you. The orc hits you with a +0 flail.
You hear some strange, mumbled words.
A magic dart appears from out of thin air!
Deactivating autopickup; reactivate with Ctrl-A.
The magic dart hits you! The orc closely misses you. x2
1320 ||| READING scroll of teleportation.
As you read the scroll of teleportation, it crumbles to dust.
You feel strangely unstable.
You float gracefully downwards.
Your enlightenment fades.
The orc barely misses you. The orc closely misses you.
Something hits you but does no damage. The orc hits you with a +0 flail!
You die...

####.............##.### ##..#
...###.####......##.# #..##
....##.####.........## #.##
........##.......#...#####.#
.................##.....##.#
...._..########..##.###....#
.......# #...#.##....##
.......# ##oo..##.##..######
.......# ###@......###......#
....#### ####.o{o.#.###
####..## ....#
##....###...######...## #...#
####..#### #..###.....###
#.#####....#######.###..#####
#.###...###........))%>##
......####.......#.[..##
#.##### #..........##.######
#.# #..................#


You could see 4 orcs.

Vanquished Creatures
  An adder (D:2)
  An endoplasm (D:1)
  5 giant cockroaches
  3 hobgoblins (D:2)
  A quokka (D:2)
  4 ball pythons
  3 bats
  2 frilled lizards
  2 goblins (D:2)
  2 kobolds (D:2)
  3 rats
27 creatures vanquished.

Notes
Turn   | Place    | Note
-------+----------+-------------------------------------------
     0 | D:1      | qw the Minotaur Hexslinger began the quest for the Orb.
     0 | D:1      | Reached XP level 1. HP: 16/16 MP: 1/1
     0 | D:1      | 0 ||| qw: Version: 0.3-a-41-g9d075ac
     0 | D:1      | 0 ||| qw: Game counter: 818
     0 | D:1      | 0 ||| qw: Melee chars always use a shield: true
     0 | D:1      | 0 ||| qw: God list: Okawaru
     0 | D:1      | 0 ||| qw: Allow faded altars: false
     0 | D:1      | 0 ||| qw: Do Orc after clearing Dungeon:15 true
     0 | D:1      | 0 ||| qw: Do second Lair branch before Depths: true
     0 | D:1      | 0 ||| qw: Lair rune preference: random
     0 | D:1      | 0 ||| qw: Goals: Normal
     0 | D:1      | 0 ||| PLANNING D:1-11
   397 | D:1      | Found a faded altar of an unknown god.
   578 | D:1      | Reached skill level 3 in Ranged Weapons
   578 | D:1      | Reached XP level 2. HP: 19/23 MP: 2/2
   776 | D:1      | 776 ||| UPGRADING to +2 cloak.
   781 | D:1      | 781 ||| UPGRADING to amulet of faith.
   786 | D:1      | 786 ||| READING scroll labelled DEGHIJE CUUSI.
   787 | D:1      | 787 ||| READING 2 scrolls labelled YMUCYXKU ZUHOE.
   788 | D:1      | 788 ||| READING scroll labelled HEULICOONO.
   791 | D:1      | 791 ||| READING scroll labelled ACRIAKHUXZI.
   792 | D:1      | 792 ||| READING scroll labelled GOTSEZX JUUDIT.
   793 | D:1      | 793 ||| DROPPING scroll of poison.
   846 | D:2      | Found a snail-covered altar of Cheibriados.
   990 | D:2      | Found Arouxtim's Weapon Boutique.
  1001 | D:2      | 1001 ||| SHOPLISTING +4 antimagic triple crossbow (572
                  | gold, have 51).
  1060 | D:2      | Reached XP level 3. HP: 29/29 MP: 3/3
  1271 | D:2      | 1271 ||| UPGRADING to ring of positive energy.
  1272 | D:2      | 1272 ||| READING scroll labelled GATOAM BEFF.
  1273 | D:2      | 1273 ||| READING scroll labelled ALEACH TECU.
  1274 | D:2      | 1274 ||| DRINKING 2 metallic orange potions.
  1275 | D:2      | 1275 ||| READING 2 scrolls of identify.
  1275 | D:2      | 1275 ||| IDENTIFYING fuming golden potion
  1276 | D:2      | 1276 ||| DROPPING potion of berserk rage.
  1317 | D:3      | 1317 ||| STAIRDANCE
  1319 | D:2      | HP: 7/29 [something/magic dart (8)]
  1320 | D:2      | 1320 ||| READING scroll of teleportation.
  1320 | D:2      | Slain by an orc

Levels and vault maps discovered:
D:1:      onia_arrival_mini_spirals, layout_basic,
          shapermc_ecumenical_altar_totnotflames
D:2:      layout_rooms, basic_altar, serial_shops,
          nicolae_shop_bloodbath_and_beyond
D:3:      layout_basic, minmay_misc_feat_nine_boxes

Skill      XL: |  1  2 |
---------------+-------+-----
Ranged Weapons | 3 |  3.8
Fighting       | 2 |  2.0
Dodging        | |  2.1
Spellcasting   | |  1.0
Hexes          | |  2.0

Action                     || total
---------------------------++-------
   Fire: Sling             ||    75
    Use: Scroll            ||     9
         Potion            ||     1
 Armour: Robe              ||    10
  Dodge: Dodged            ||    23

Table legend:
 A = Non-vault XP
 B = Vault XP
 C = Vault XP percentage of total XP
 D = Non-vault monster count
 E = Vault monster count
 F = Vault count percentage of total count
                 A         B        C        D         E       F
            +---------+---------+-------+---------+---------+-------
      Total |      53 |       0 |   0.0 |      27 |       0 |   0.0
            +---------+---------+-------+---------+---------+-------
        D:1 |      15 |       0 |   0.0 |      10 |       0 |   0.0
        D:2 |      38 |       0 |   0.0 |      17 |       0 |   0.0
            +---------+---------+-------+---------+---------+-------
